 Dungeon Sprint DCSS version 0.30-a0-1161-g0704695555 (webtiles) character file.

Game seed: 3472026751347259422

27 sircluck the Chopper (level 3, -3/55 HPs)
             Began as a Hill Orc Berserker on Apr 27, 2023.
             Was a Follower of Trog.
             Slain by an ogre
             ... wielding a +0 giant club
              (28 damage)
             ... in the Dungeon (Sprint I: "Red Sonja").
             The game lasted 00:00:11 (89 turns).

sircluck the Chopper (Hill Orc Berserker)             Turns: 89, Time: 00:00:11

Health: -3/55      AC:  2    Str: 21    XL:     3   Next: 10%
Magic:  3/3        EV: 12    Int:  7    God:    Trog [*.....]
Gold:   0          SH:  0    Dex: 10    Spells: 2/2 levels left

rFire   . . .        a - +0 hand axe
rCold   . . .        (no shield)
rNeg    . . .        b - +0 animal skin
rPois   .            (no helmet)
rElec   .            (no cloak)
rCorr   .            (no gloves)
SInv    .            (no boots)
Will    .....        (no amulet) Stlth
                     (no ring)
HPRegen 0.29/turn    (no ring)
MPRegen 0.08/turn

%: no teleportation
@: berserking, very quick
A: no striking features
a: Renounce Religion, Berserk


You were in the Dungeon.
You worshipped Trog.
Trog was aware of your devotion.
You visited 1 branch

Inventory:

Hand Weapons
 a - a +0 hand axe (weapon)
Armour
 b - a +0 animal skin (worn)
Wands
 i - a wand of flame (25)
Scrolls
 h - a scroll of blinking
Potions
 c - a potion of curing
 d - a potion of heal wounds
 e - a potion of haste
 f - 2 potions of magic
 g - a potion of berserk rage


   Skills:
 + Level 5.7 Fighting
 + Level 6.2 Axes
 + Level 3.0 Armour
 + Level 2.1 Dodging


You had 2 spell levels left.
You didn't know any spells.
Your spell library was empty.

Dungeon Overview and Level Annotations

Branches:
Dungeon (1/1)

Altars:


Message History

You start resting.
You are no longer berserk.
You are exhausted.
You feel yourself slow down.
You start resting.
You feel yourself speed up.
You start resting.
You recover from your berserk rage.
You start resting.
HP restored.
i - a wand of flame (25)
Things that are here:
a +0 dagger; a +0 chain mail; the goblin corpse of Ijyb You open the door.
An ogre comes into view. It is wielding a +0 giant club.
The ogre shouts!
A red film seems to cover your vision as you go berserk!
You feel yourself moving faster!
You feel mighty!
You slash the ogre!
The ogre is moderately wounded.
The ogre hits you with a +0 giant club!!
Ouch! That really hurt!
You are too injured to fight recklessly!
You are too injured to fight recklessly!
You are too injured to fight recklessly!
You are too injured to fight recklessly!
You are too injured to fight recklessly!
You are too injured to fight recklessly!
You are too injured to fight recklessly!
You are too injured to fight recklessly!
You are too injured to fight recklessly!
You barely miss the ogre.
The ogre is moderately wounded.
You barely miss the ogre.
The ogre is moderately wounded.
You slash the ogre!
The ogre is severely wounded.
The ogre hits you with a +0 giant club!!
Ouch! That really hurt!
You die...

##########
#<.#.@O..#
#..').#..+
#..#### +#
#..# #..#
#..# #⌠⌠#
####


You could see an ogre.

Vanquished Creatures
  Ijyb (D)
1 creature vanquished.

Notes
Turn   | Place    | Note
-------+----------+-------------------------------------------
     0 | D        | sircluck the Hill Orc Berserker began the quest for the
                  | Orb.
     0 | D        | Reached XP level 1. HP: 19/19 MP: 1/1
     1 | D        | Noticed Ijyb
     7 | D        | Killed Ijyb
     8 | D        | Reached skill level 5 in Fighting
     8 | D        | Reached skill level 6 in Axes
     8 | D        | Reached XP level 2. HP: 19/30 MP: 2/2
     8 | D        | Reached XP level 3. HP: 23/37 MP: 3/3
    84 | D        | Noticed an ogre
    89 | D        | Slain by an ogre

Illustrated notes

Levels and vault maps discovered:
D:        dungeon_sprint_1 [red_sonja_temple_1, red_sonja_temple_small_1]

Skill      XL: |  1 |
---------------+----+-----
Fighting       | 5 |  5.7
Axes           | 6 |  6.2
Armour         | 3 |  3.0
Dodging        | 2 |  2.1

Action                     || total
---------------------------++-------
  Melee: Hand axe          ||     8
 Invoke: Berserk           ||     2
  Dodge: Dodged            ||     1

Table legend: (Time is in decaauts)
 A = Elapsed time spent in this place.
 B = Non-inter-level travel time spent in this place.
 C = Inter-level travel time spent in this place.
 D = Time resting spent in this place.
 E = Time spent auto-exploring this place.
 F = Levels seen in this place.
 G = Mean time per level.
                   A        B        C        D        E       F      G
               +--------+--------+--------+--------+--------+-----+--------+
         Total |     96 |     96 |      0 |     81 |      3 |   1 |   96.0 |
       Dungeon |     96 |     96 |      0 |     81 |      3 |   1 |   96.0 |
               +--------+--------+--------+--------+--------+-----+--------+

Top non-repeatable levels by time:
       D: 96 daAuts
